 Dungeon Sprint DCSS version 0.30-a0-634-g8abc85282e (webtiles) character file.

Game seed: 17104653531540189851

6380 mhtbhm the Brawler (level 10, -6/112 HPs)
             Began as a Troll Transmuter on Jan 15, 2023.
             Was an Initiate of Gozag.
             Mangled by Harold
             ... wielding a +2 dire flail of distortion
              (20 damage)
             ... in the Dungeon (Sprint III: "The Ten Rune Challenge").
             The game lasted 00:04:58 (1298 turns).

mhtbhm the Brawler (Troll Transmuter)               Turns: 1298, Time: 00:04:59

Health: -6/112     AC:  6    Str: 24    XL:     10   Next: 65%
Magic:  15/20      EV: 11    Int:  9    God:    Gozag
Gold:   2625       SH:  0    Dex: 10    Spells: 14/24 levels left

rFire   x . .      SeeInvis .      - Unarmed
rCold   + + +      Faith    .    (shield currently unavailable)
rNeg    . . .      Spirit   .    (body armour currently unavailable)
rPois   +          Reflect  .    (helmet currently unavailable)
rElec   .          Harm     .    (cloak currently unavailable)
rCorr   .          Rampage  .    (gloves unavailable)
Will    .....      NoTele   +    (boots unavailable)
Stlth   ++                       (no amulet)
HPRegen 1.18/turn                (no ring)
MPRegen 0.17/turn                (no ring)

@: ice-form, wereblooded, slowed, very slow
A: freezing attack, amphibious, boosted hp, large, unfitting armour, (claws 3),
regeneration 1, (shaggy fur 1), (tough skin 1)
a: End Transformation, Renounce Religion, Potion Petition, Call Merchant, Bribe
Branch


You were in the Dungeon.
You worshipped Gozag.
Gozag was most pleased with you.
You were a creature of crystalline ice.
You visited 1 branch You collected 2625 gold pieces.

Inventory:

Armour
 a - a +0 robe (melded)
 i - a +0 cloak (melded)
Wands
 e - a wand of mindburst (11)
Scrolls
 k - a scroll of immolation {unknown}
 l - 4 scrolls of identify
 n - 2 scrolls of poison {unknown}
Potions
 b - a potion of lignification
 f - 2 potions of magic
 g - 3 potions of flight
 j - 4 potions of mutation {unknown}
 m - a potion of might
 o - a potion of berserk rage
Miscellaneous
 d - a condenser vane (inert)


   Skills:
 + Level 4.4 Fighting
 + Level 6.7 Dodging
 + Level 2.5 Stealth
 + Level 16.9 Unarmed Combat
 + Level 7.9 Spellcasting
 + Level 8.7 Transmutations
 + Level 2.5 Ice Magic
 + Level 0.9 Evocations


You had 14 spell levels left.
You knew the following spells:

 Your Spells              Type           Power      Damage    Failure   Level
a - Beastly Appendage     Tmut           38%        N/A       1%          1
b - Wereblood             Tmut           19%        N/A       1%          2
c - Spider Form           Tmut/Pois      11%        N/A       9%          3
d - Ice Form              Ice/Tmut       13%        N/A       17%         4

Your spell library contained the following spells:

 Spells                   Type           Power      Damage    Failure   Level
 Summon Guardian Golem    Hex/Summ       3%         N/A       50%         3
 Yara's Violent Unravell  Hex/Tmut       5%         3d4       63%         5
 Enfeeble                 Hex            1%         N/A       100%        7


Dungeon Overview and Level Annotations

Branches:
Dungeon (1/1)

Altars:
Cheibriados
Dithmenos
Elyvilon
Fedhas
Gozag
Hepliaklqana
Kikubaaqudgha
Makhleb
Nemelex Xobeh
Okawaru
Qazlal
Ru
Sif Muna
Trog
Uskayaw
Vehumet
Wu Jian
Xom
Yredelemnul
Zin
The Shining One
Jiyva
Lugonu

Annotations:
D Gastronok, Harold, Joseph


Innate Abilities, Weirdness & Mutations

You are a creature of crystalline ice.
You have a powerful freezing melee attack.
You are amphibious.
Your maximum health is increased.
Your armour is entirely melded.
You are incapable of wielding weapons or throwing items.
You are too large for most types of armour.
((You have claws for hands.))
Your natural rate of healing is unusually fast.
((You are covered in fur. (AC +1)))
((You have tough skin. (AC +1)))


Message History

You enter the shallow water.
Your transformation is almost over.
There is an open door to the Lair of Beasts here.
You open the door.
Harold and Joseph come into view.
Harold is wielding a +2 dire flail of distortion.
Joseph is wielding a +1 quarterstaff of freezing and quivering curare-tipped darts.
Casting: Ice Form (dangerous; 17% risk of failure)
Confirm with . or Enter, or press ? or * to list all spells.
You extend your transformation's duration.
Joseph shouts!
Casting: Ice Form (dangerous; 17% risk of failure)
Confirm with . or Enter, or press ? or * to list all spells.
Your blood is infused with primal strength.
Harold shouts!
Joseph hits you with a +1 quarterstaff of freezing!
Harold gestures at you while chanting.
You feel yourself slow down.
There is an open door here.
You barely miss Joseph.
Harold hits you with a +2 dire flail of distortion!
Space warps around you.
Joseph hits you with a +1 quarterstaff of freezing!
You punch Joseph! You freeze Joseph.
Joseph is lightly wounded.
Joseph hits you with a +1 quarterstaff of freezing!
Harold hits you with a +2 dire flail of distortion!!
* * * LOW HITPOINT WARNING * * *
Joseph attacks as you move away!
Joseph hits you with a +1 quarterstaff of freezing!!
* * * LOW HITPOINT WARNING * * *
Harold attacks as you move away! Harold closely misses you.
Unknown command.
You feel better. Joseph completely misses you.
Clouds of noxious fumes condense around you!
The condenser dries out!
Joseph is engulfed in noxious fumes.
Joseph appears confused.
Harold is engulfed in noxious fumes.
Harold appears confused.
Harold hits you with a +2 dire flail of distortion!!
You die...
Your body crumbles into a pile of gold.

#+#####################
$
#....#.#.#.....#^....^+
$
##.#..#.##)###)#^.^...#
'##)#.#.##.#.)##.^...^#
#...#..#).##..'.....^.#
▓▓▓▓▓▓▓▓▓▓▓▓▓▓#.......#
........~~~...#.....^.#
≈≈≈≈≈≈≈≈≈≈♣♣P.'.......#
♣♣♣♣♣♣♣♣♣♣♣♣PP#§Y§^^..#
♣♣♣##@###### #§§§+
$$#@§§# $$#...# ##### $


You could see Harold (confused) and Joseph (confused).

Vanquished Creatures
  Erolcha (D)
  A deep elf pyromancer (D)
  An elephant (D)
  2 cane toads (D)
  A rime drake (D)
  A komodo dragon (D)
  3 wandering mushrooms (D)
  5 blink frogs (D)
  2 tyrant leeches (D)
  A shadow (D)
  3 redbacks (D)
  A spatial vortex (D)
  A swamp drake (D)
  5 two-headed ogres (D)
  A necrophage (D)
  A water elemental (D)
  Crazy Yiuf (D)
  A jelly (D)
  Jessica (D)
  A wizard (D)
  A necromancer (D)
  3 humans (D)
  A kobold demonologist (D)
  3 rats (D)
42 creatures vanquished.

Vanquished Creatures (others)
  4 plants (D)
4 creatures vanquished.

Grand Total: 46 creatures vanquished

Notes
Turn   | Place    | Note
-------+----------+-------------------------------------------
     0 | D        | mhtbhm the Troll Transmuter began the quest for the Orb.
     0 | D        | Reached XP level 1. HP: 18/18 MP: 1/1
    56 | D        | Noticed Jessica
    61 | D        | Killed Jessica
    62 | D        | Reached skill level 5 in Unarmed Combat
    62 | D        | Reached XP level 2. HP: 26/26 MP: 0/4
   104 | D        | Learned a level 2 spell: Wereblood
   116 | D        | Reached XP level 3. HP: 23/32 MP: 2/5
   245 | D        | Noticed Crazy Yiuf
   248 | D        | Killed Crazy Yiuf
   249 | D        | Reached skill level 6 in Unarmed Combat
   249 | D        | Reached XP level 4. HP: 40/40 MP: 4/6
   332 | D        | Learned a level 3 spell: Spider Form
   334 | D        | Noticed a water elemental
   343 | D        | Killed a water elemental
   344 | D        | Reached skill level 7 in Unarmed Combat
   360 | D        | Noticed a shadow
   380 | D        | Reached skill level 1 in Fighting
   380 | D        | Reached skill level 8 in Unarmed Combat
   380 | D        | Reached XP level 5. HP: 27/48 MP: 6/9
   381 | D        | Killed a shadow
   382 | D        | Reached skill level 9 in Unarmed Combat
   382 | D        | Reached XP level 6. HP: 32/55 MP: 6/11
   523 | D        | Found a blossoming altar of Fedhas.
   523 | D        | Found a stormy altar of Qazlal.
   523 | D        | Noticed a spatial vortex
   524 | D        | Found a snail-covered altar of Cheibriados.
   524 | D        | Found a burning altar of Makhleb.
   524 | D        | Found a hazy altar of Hepliaklqana.
   524 | D        | Found a shimmering altar of Xom.
   524 | D        | Found an opulent altar of Gozag.
   524 | D        | Found a sparkling altar of Nemelex Xobeh.
   524 | D        | Found a corrupted altar of Lugonu.
   524 | D        | Found a viscous altar of Jiyva.
   528 | D        | Killed a spatial vortex
   529 | D        | Reached skill level 10 in Unarmed Combat
   535 | D        | Became a worshipper of Gozag Ym Sagoz the Greedy
   588 | D        | Found a shadowy altar of Dithmenos.
   593 | D        | Found a basalt altar of Yredelemnul.
   593 | D        | Found a sacrificial altar of Ru.
   661 | D        | Found a radiant altar of Vehumet.
   662 | D        | Found a shimmering blue altar of Sif Muna.
   662 | D        | Found an ancient bone altar of Kikubaaqudgha.
   664 | D        | Reached XP level 7. HP: 63/63 MP: 9/13
   667 | D        | Reached skill level 11 in Unarmed Combat
   676 | D        | Found a glowing silver altar of Zin.
   677 | D        | Found a glowing golden altar of the Shining One.
   677 | D        | Found a white marble altar of Elyvilon.
   677 | D        | Noticed a deep elf pyromancer
   681 | D        | Killed a deep elf pyromancer
   682 | D        | Reached skill level 12 in Unarmed Combat
   682 | D        | Reached skill level 5 in Spellcasting
   682 | D        | Reached skill level 5 in Transmutations
   682 | D        | Reached XP level 8. HP: 51/72 MP: 11/15
   684 | D        | Found a hide-covered altar of Uskayaw.
   684 | D        | Found an iron altar of Okawaru.
   684 | D        | Found a bloodstained altar of Trog.
   684 | D        | Found an ornate altar of the Wu Jian Council.
   698 | D        | Reached skill level 5 in Dodging
   732 | D        | Got the Secrets of Bad Luck
   781 | D        | Learned a level 4 spell: Ice Form
   817 | D        | Reached skill level 13 in Unarmed Combat
   819 | D        | Noticed a two-headed ogre
   823 | D        | Killed a two-headed ogre
   865 | D        | Noticed Erolcha
   865 | D        | Noticed a two-headed ogre
   868 | D        | Killed Erolcha
   869 | D        | Reached skill level 14 in Unarmed Combat
   869 | D        | Reached skill level 1 in Ice Magic
   869 | D        | Reached XP level 9. HP: 83/83 MP: 10/18
   871 | D        | Killed a two-headed ogre
   872 | D        | Reached skill level 1 in Stealth
   915 | D        | Noticed a wandering mushroom
   921 | D        | Noticed a wandering mushroom
   923 | D        | Noticed a wandering mushroom
   925 | D        | Killed a wandering mushroom
   933 | D        | Reached skill level 15 in Unarmed Combat
   949 | D        | Noticed a cane toad
   949 | D        | Noticed a komodo dragon
   949 | D        | Noticed a cane toad
   953 | D        | Killed a cane toad
   955 | D        | Killed a cane toad
   956 | D        | Reached XP level 10. HP: 92/92 MP: 17/20
  1027 | D        | Reached skill level 16 in Unarmed Combat
  1239 | D        | Noticed an elephant
  1240 | D        | Noticed an elephant
  1240 | D        | Noticed a dire elephant
  1245 | D        | Noticed Gastronok
  1246 | D        | Killed an elephant
  1248 | D        | Noticed a dire elephant
  1290 | D        | Noticed Harold
  1290 | D        | Noticed Joseph
  1296 | D        | HP: 3/112 [Joseph/+1 quarterstaff of freezing (18)]
  1298 | D        | Mangled by Harold

Illustrated notes

Levels and vault maps discovered:
D:        dungeon_sprint_mu [sprint_mu_entry_cave, sprint_mu_temple_rooms,
          sprint_mu_d1_spiders, sprint_mu_d2_genie, sprint_mu_d3_branching,
          sprint_mu_orc_legion, sprint_mu_elf_gauntlet, sprint_mu_hive_nellie,
          sprint_mu_lair_fedhas, sprint_mu_vaults_butterflies,
          sprint_mu_slime_circle, sprint_mu_swamp_cave, sprint_mu_snake_twists,
          sprint_mu_blade_basic, sprint_mu_crypt_lich, sprint_mu_tomb_spiral,
          sprint_mu_vestibule_basic, sprint_mu_gehenna_hellfire,
          sprint_mu_dis_giant, sprint_mu_tartarus_statrot,
          sprint_mu_cocytus_islands, sprint_mu_zot1]

Skill      XL: |  1  2  3  4  5  6  7  8  9 10 |
---------------+-------------------------------+-----
Dodging        | 2 3 4 5 6 |  6.7
Unarmed Combat | 5 6 8 9 10 12 14 15 16 | 16.9
Spellcasting   | 2 3 4 5 6 7 |  7.9
Transmutations | 2 3 4 5 7 8 |  8.7
Fighting       | 1 2 3 4 |  4.4
Ice Magic      | 1 2 |  2.5
Stealth        | 1 2 |  2.5
Evocations     | |  0.9

Action                   |  1- 3 |  4- 6 |  7- 9 | 10-12 || total
-------------------------+-------+-------+-------+-------++-------
Melee: Unarmed           |    15 |    31 |    47 |    41 ||   134
       Headbutt          |     3 |     5 |     1 |       ||     9
       Kick              |     2 |     4 |     1 |       ||     7
       Punch             |     1 |     2 |       |       ||     3
 Cast: Beastly Appendage |     5 |     4 |     1 |       ||    10
       Wereblood         |       |     4 |     3 |     5 ||    12
       Ice Form          |       |       |     3 |     4 ||     7
Evoke: Condenser vane    |       |       |     1 |     1 ||     2
  Use: Potion            |     1 |     2 |       |     2 ||     5
       Scroll            |       |       |       |     1 ||     1
 Stab: Confused          |       |       |     1 |       ||     1
       Sleeping          |       |       |       |     2 ||     2
Armor: Robe              |     2 |     4 |     1 |       ||     7
       Skin              |       |       |     6 |     1 ||     7
Dodge: Dodged            |     5 |     6 |    15 |    16 ||    42

Table legend: (Time is in decaauts)
 A = Elapsed time spent in this place.
 B = Non-inter-level travel time spent in this place.
 C = Inter-level travel time spent in this place.
 D = Time resting spent in this place.
 E = Time spent auto-exploring this place.
 F = Levels seen in this place.
 G = Mean time per level.
                   A        B        C        D        E       F      G
               +--------+--------+--------+--------+--------+-----+--------+
         Total |   1265 |   1265 |      0 |    651 |     65 |   1 | 1265.0 |
       Dungeon |   1265 |   1265 |      0 |    651 |     65 |   1 | 1265.0 |
               +--------+--------+--------+--------+--------+-----+--------+

Top non-repeatable levels by time:
       D: 1265 daAuts
